Map: Лазурные утесы РВ

Players

Freezard

  • Race: Terran Terran
  • League: Diamond
  • Spawn Location: 7:00

SonOfZipper - Winner!

  • Race: Terran Terran
  • League: Master
  • Spawn Location: 1:00

VOD

Have the link to the VOD?

Description

Time

  • Played on: Dec. 21, 2018, 8:26 a.m.
  • Length: 6:02
Show
View Real Time Build Order
Export as new Build Order

Freezard Terran 

Build Orders:  

Get SALT Encoding   

  12  0:00  SCV  
  13  0:13  SCV  
  14  0:17  Supply Depot  
  14  0:25  SCV  
  15  0:39  SCV  
  15  0:41  Barracks  
  16  0:44  Refinery  
  16  0:51  SCV  
  17  1:01  Barracks  
  17  1:04  SCV  
  18  1:16  SCV  
  19  1:28  Reaper, SCV  
  19  1:31  Supply Depot  
  21  1:40  Orbital Command  
  21  1:47  Reaper  
  22  2:04  Reaper  
  22  2:08  SCV  
  24  2:15  Command Center  
  24  2:20  SCV  
  24  2:22  Barracks Tech Lab  
  25  2:26  Refinery  
  25  2:46  Marine  
  25  2:48  Marine  
  26  2:57  SCV  
  26  2:58  Stimpack  
  26  3:03  Marine  
  27  3:05  Marine  
  27  3:09  SCV  
  29  3:21  SCV  
  29  3:22  Barracks Reactor  
  29  3:24  Factory  
  30  3:29  Engineering Bay  
  30  3:30  Orbital Command  
  30  3:33  SCV  
  31  3:36  Marine  
  31  3:45  SCV  
  28  3:54  Marine  
  28  3:57  SCV  
  28  4:08  Marine x2  
  30  4:10  Hellion  
  30  4:12  Marine  
  30  4:13  Starport  
  33  4:21  Orbital Command  
  33  4:26  Marine x2  
  33  4:30  Marine  
  36  4:33  Factory Tech Lab  
  36  4:46  Marine x2  
  36  4:48  Marine  
  36  4:51  Command Center, Starport Reactor  
  42  4:52  Siege Tank  
  38  5:04  Marine, Orbital Command  
  38  5:05  Marine  
  38  5:06  Marine  
  33  5:22  Marine  
  33  5:23  Marine x2  
  33  5:24  SCV  
  33  5:25  Siege Tank  
  40  5:31  SCV  
  40  5:36  SCV  
  40  5:40  Marine  
  40  5:41  Marine x2  
  46  5:58  Refinery  
Show
View Real Time Build Order
Export as new Build Order

SonOfZipper Terran - Winner!

Build Orders:  

Get SALT Encoding   

  12  0:01  SCV  
  13  0:13  SCV  
  14  0:17  Supply Depot  
  14  0:25  SCV  
  15  0:28  Refinery  
  15  0:39  SCV  
  16  0:45  Barracks  
  16  0:51  SCV  
  16  0:56  Refinery  
  17  1:03  SCV  
  18  1:15  SCV  
  19  1:33  Reaper  
  19  1:34  Orbital Command  
  19  1:37  Factory  
  20  1:56  Supply Depot  
  20  1:59  SCV  
  21  2:05  Reaper  
  22  2:11  SCV  
  23  2:22  Hellion  
  25  2:23  SCV  
  26  2:41  Command Center  
  26  2:44  Reaper  
  26  2:45  Hellion  
  29  2:54  SCV  
  30  3:03  Supply Depot  
  30  3:05  Starport  
  30  3:06  SCV  
  30  3:08  Factory Tech Lab  
  31  3:22  Barracks Tech Lab  
  31  3:24  SCV  
  31  3:27  Cyclone  
  35  3:36  SCV  
  35  3:49  SCV  
  36  3:56  Refinery  
  36  3:58  Barracks Reactor  
  36  4:01  SCV  
  36  4:02  Orbital Command  
  36  4:03  Raven  
  38  4:13  Cyclone, SCV  
  42  4:25  SCV  
  42  4:27  Command Center  
  42  4:28  SCV  
  44  4:34  Marine x2  
  44  4:37  SCV  
  47  4:40  SCV  
  48  4:48  Supply Depot  
  48  4:49  SCV  
  48  4:52  SCV  
  50  4:55  Siege Tank  
  51  5:00  Barracks, Starport Reactor  
  51  5:01  SCV  
  51  5:04  SCV  
  51  5:06  Marine  
  51  5:13  SCV  
  52  5:14  Barracks  
  52  5:16  SCV  
  50  5:27  Supply Depot, Engineering Bay  
  50  5:29  SCV x2  
  50  5:30  Marine  
  56  5:45  SCV x2  
  56  5:49  Supply Depot  
  59  5:50  Starport Reactor  
Tags
 
Add a new tag
Caveats
  • Supply blocks, unpowered buildings, or Contaminate may cause inaccurate times.
  • Supply counts are checked every 10 seconds.